 Dungeon Crawl Stone Soup version 0.28-a0-773-g130ae17fe5 (webtiles) character file.

Game seed: 16003645410924806290

48 hellse the Cudgeller (level 3, -1/23 HPs)
             Began as a Gargoyle Fighter on Nov 1, 2021.
             Slain by a white imp (4 damage)
             ... summoned by Natasha
             ... on level 2 of the Dungeon.
             The game lasted 00:02:12 (1372 turns).

hellse the Cudgeller (Gargoyle Fighter)             Turns: 1372, Time: 00:02:13

Health: -1/23      AC: 10    Str: 20    XL:     3   Next: 72%
Magic:  3/3        EV:  7    Int:  8    God:
Gold:   40         SH:  7    Dex:  9    Spells: 2/2 levels left

rFire   . . .      SeeInvis .   a - +0 flail
rCold   . . .      Faith    .   j - +0 kite shield
rNeg    + . .      Spirit   .   b - +0 scale mail
rPois   ∞          Reflect  .   (no helmet)
rElec   +          Harm     .   (no cloak)
rCorr   .          Rampage  .   (no gloves)
Will    .....                   (no boots)
Stlth   ..........              k - amulet of magic regeneration
HPRegen 0.07/turn               (no ring)
MPRegen 0.33/turn               (no ring)

@: slowed, very slow
A: sickness immunity, AC +3, negative energy resistance 1, electricity
resistance, torment resistance 1, petrification resistance
a: no special abilities


You were on level 2 of the Dungeon.
You visited 1 branch of the dungeon, and saw 2 of its levels.

You collected 40 gold pieces.

Inventory:

Hand Weapons
 a - a +0 flail (weapon)
Armour
 b - a +0 scale mail (worn)
 c - a +0 buckler
 j - a +0 kite shield (worn)
Jewellery
 k - an amulet of magic regeneration (around neck)
Scrolls
 e - a scroll of fear {unknown}
 f - a scroll of fog {unknown}
 g - 2 scrolls of noise {unknown}
 l - a scroll of vulnerability {unknown}
Potions
 d - a potion of might
 h - a potion of berserk rage {unknown}
 i - a potion of haste {unknown}
 m - a potion of heal wounds {unknown}


   Skills:
 - Level 3.2 Fighting
 + Level 4.0 Maces & Flails
 - Level 3.2 Armour
 - Level 3.2 Shields


You had 2 spell levels left.
You didn't know any spells.
Your spell library was empty.

Dungeon Overview and Level Annotations

Branches:
Dungeon (2/15)

Altars:

Shops:
D:2 (

Annotations:
D:2 Natasha


Innate Abilities, Weirdness & Mutations

You are immune to sickness and miasma.
Your stone body is resilient. (AC +3)
You are immune to poison.
You resist negative energy. (rN+)
You are resistant to electric shocks. (rElec)
You are resistant to unholy torment.
You are immune to petrification.


Message History

Natasha is carrying a wand of digging (6).
The frilled lizard hisses angrily.
Natasha zaps a wand.
You hear a grinding noise.
Found a stone staircase leading down.
Found a robe.
You barely miss Natasha. Natasha claws you but does no damage.
Natasha casts a spell.
You sock Natasha!
Natasha is heavily wounded.
You block Natasha's attack. You block the white imp's attack.
You closely miss Natasha.
Natasha is heavily wounded.
Natasha closely misses you. The white imp gestures at you.
The puff of frost hits you.
The frilled lizard bites you but does no damage.
Your scale mail prevents you from hitting Natasha.
Natasha is heavily wounded.
Natasha stares at you and mumbles some strange words.
The magic dart hits you but does no damage.
The white imp hits you. The white imp freezes you.
The frilled lizard bites you but does no damage.
Natasha casts a spell at you.
You feel yourself slow down. The white imp gestures at you.
The puff of frost misses you.
You barely miss Natasha.
Natasha is heavily wounded.
The frilled lizard bites you but does no damage.
Natasha claws you but does no damage. The white imp puffs mist at you.
The white imp gestures at you. The puff of frost hits you!
* * * LOW HITPOINT WARNING * * *
The frilled lizard bites you but does no damage.
Natasha closely misses you. The white imp hits you.
* * * LOW HITPOINT WARNING * * *
The white imp freezes you.
You die...

#.........#
#########.........#
........+..^......'
#.......#.....†...#
#.......####'#.....
#.......# #(#.##..
#.......# #.#.##..
..####..5....# #.#.##..
#>....h@l....####.#.##..
#[####.#..........#.##..
##.#..#####..#.####
##...#####..#.###
##.........#.#.##
##.#####..#.....
#..####..#...##
#.......÷.....#
#....##..#....#


You could see Natasha, a white imp (summoned) and a frilled lizard.

Vanquished Creatures
  An adder (D:2)
  2 dart slugs
  2 ball pythons
  6 endoplasms
  3 goblins
  2 hobgoblins (D:1)
  4 bats (D:1)
  3 frilled lizards (D:1)
  2 kobolds (D:1)
  13 rats
38 creatures vanquished.

Notes
Turn   | Place    | Note
-------+----------+-------------------------------------------
     0 | D:1      | hellse the Gargoyle Fighter began the quest for the Orb.
     0 | D:1      | Reached XP level 1. HP: 14/14 MP: 1/1
    32 | D:1      | Found a faded altar of an unknown god.
   240 | D:1      | Reached XP level 2. HP: 14/19 MP: 2/2
   577 | D:1      | Reached skill level 3 in Maces & Flails
   752 | D:1      | Reached XP level 3. HP: 18/23 MP: 3/3
  1225 | D:2      | Found Fuagipt's Weapon Shop.
  1295 | D:2      | Reached skill level 4 in Maces & Flails
  1365 | D:2      | Noticed Natasha
  1372 | D:2      | Slain by a white imp

Illustrated notes

Levels and vault maps discovered:
D:1:      dpeg_arrival_ratfight, layout_basic, basic_ecumenical_altar
D:2:      layout_basic, serial_shops, shop, uniq_natasha

Skill      XL: |  1  2  3 |
---------------+----------+-----
Maces & Flails | 3 4 |  4.0
Fighting       | |  3.2
Armour         | |  3.2
Shields        | |  3.2

Action                   || total
-------------------------++-------
Melee: Flail             ||   126
Armor: Scale mail        ||    93
Dodge: Dodged            ||    54
Block: Buckler           ||    18
       Kite shield       ||    23

Table legend: (Time is in decaauts)
 A = Elapsed time spent in this place.
 B = Non-inter-level travel time spent in this place.
 C = Inter-level travel time spent in this place.
 D = Time resting spent in this place.
 E = Time spent auto-exploring this place.
 F = Levels seen in this place.
 G = Mean time per level.
                   A        B        C        D        E       F      G
               +--------+--------+--------+--------+--------+-----+--------+
         Total |   1413 |   1289 |    124 |      0 |   1002 |   2 |  706.5 |
       Dungeon |   1413 |   1289 |    124 |      0 |   1002 |   2 |  706.5 |
               +--------+--------+--------+--------+--------+-----+--------+

Top non-repeatable levels by time:
     D:1: 1016 daAuts
     D:2: 397 daAuts
